 Dungeon Crawl Stone Soup version 0.22.1-2-g9c5b331 (webtiles) character file.

73 antediem the Shooter (level 4, -3/33 HPs)
             Began as a Human Wanderer on Nov 15, 2018.
             Killed from afar by an orc wizard (6 damage)
             ... with a magic dart
             ... on level 3 of the Dungeon.
             The game lasted 00:16:22 (2289 turns).

antediem the Shooter (Human Wanderer)               Turns: 2289, Time: 00:16:22

Health: -3/33      AC:  7    Str: 11    XL:     4   Next: 51%
Magic:  4/4        EV: 12    Int: 12    God:
Gold:   91         SH:  0    Dex: 15    Spells: 3/3 levels left

rFire    . . .     SeeInvis .   d - +0 shortbow
rCold    . . .     Gourm    .   (shield currently unavailable)
rNeg     . . .     Faith    .   b - +2 ring mail
rPois    .         Spirit   .   (no helmet)
rElec    .         Reflect  .   (no cloak)
rCorr    .         Harm     .   (no gloves)
MR       .....                  (no boots)
Stlth    ++........             (no amulet)
HPRegen  0.11/turn              h - +2 ring of evasion
MPRegen  0.09/turn              (no ring)

@: no status effects
A: no striking features
a: no special abilities


You were on level 3 of the Dungeon.
You were hungry.

You visited 1 branch of the dungeon, and saw 4 of its levels.

You collected 91 gold pieces.

Inventory:

Hand Weapons
 d - a +0 shortbow (weapon)
 f - a +0 dagger
Armour
 b - a +2 ring mail (worn)
Jewellery
 h - a +2 ring of evasion (left hand)
 i - a cursed -3 ring of strength
Scrolls
 k - a scroll of remove curse {unknown}
 o - a scroll of noise {unknown}
Potions
 a - a potion of berserk rage
 c - a potion of magic {unknown}
 j - a potion of flight {unknown}
 m - 2 potions of curing
Comestibles
 g - 3 rations


   Skills:
 + Level 1.7 Fighting
 + Level 4.3 Bows
 - Level 1.0 Throwing
 + Level 1.0 Armour
 + Level 1.3 Dodging
 + Level 2.5 Stealth
 - Level 1.0 Unarmed Combat


You had 3 spell levels left.
You didn't know any spells.
Your spell library was empty.

Dungeon Overview and Level Annotations

Branches:
Dungeon (4/15)
 Temple: D:4-7

Altars:


Message History

You shoot an arrow. Something hits you but does no damage.
Firing (i - inventory)
e - an arrow (quivered)
Press: ? - help, Shift-Dir - straight line You shoot an arrow.
Something hits you.
* * * LOW HITPOINT WARNING * * *
You see here 3 arrows.
You open the door.
You hear some strange, mumbled words.
You are confused.
Something hits you.
* * * LOW HITPOINT WARNING * * *
There is an open door here.
You feel less confused.
You see here an arrow.
An orc wizard appears from thin air!
Reactivating autopickup.
The orc wizard hits you but does no damage.
The orc wizard casts a spell at you. The magic dart hits you!
You die...

..####....(...(.....(.#....###
..# #....(.###.......#####..
..# #....### #.).....# ...
..## #....# ##.......# .. ...#
###### #........# ...# #....#
##........... ...# #....#
#..o..####... ...# #....#
#.....# .... ...#
#....###...@.# ...
...###............#
)...####..........##
....####............
...†$..#............
.....................
##...............##### ..
#...............# .....
#............#### .....


You could see an orc wizard.

Vanquished Creatures
  2 adders (D:3)
  2 dart slugs (D:1)
  A worm (D:2)
  An orc (D:3)
  A ball python (D:2)
  5 bats
  2 giant cockroaches
  3 goblins
  6 hobgoblins
  6 jackals
  6 kobolds
  A quokka (D:2)
  A frilled lizard (D:2)
  5 rats
42 creatures vanquished.

Notes
Turn   | Place    | Note
-------+----------+-------------------------------------------
     0 | D:1      | antediem the Human Wanderer began the quest for the Orb.
     0 | D:1      | antediem set off with: a potion of berserk rage, a scroll
                  | of fear, a +0 ring mail, a +0 shortbow, 19 arrows, a +0
                  | dagger, a ration
     0 | D:1      | Reached XP level 1. HP: 15/15 MP: 1/1
    80 | D:1      | Reached XP level 2. HP: 21/21 MP: 2/2
   738 | D:2      | Reached XP level 3. HP: 26/26 MP: 3/3
  1291 | D:2      | You fall through a shaft for 2 floors!
  1579 | D:2      | Reached skill level 4 in Bows
  1854 | D:3      | Reached XP level 4. HP: 29/32 MP: 4/4
  2289 | D:3      | Killed from afar by an orc wizard

Skill      XL: |  1  2  3 |
---------------+----------+-----
Bows           | 4 |  4.3
Fighting       | |  1.7
Throwing       | |  1.0
Armour         | |  1.0
Dodging        | |  1.3
Stealth        | |  2.5
Unarmed Combat | |  1.0

Action                   |  1- 3 |  4- 6 || total
-------------------------+-------+-------++-------
Melee: Dagger            |    14 |    28 ||    42
       Shortbow          |       |     1 ||     1
 Fire: Shortbow          |    82 |    46 ||   128
  Use: Scroll            |     8 |     2 ||    10
  Eat: Ration            |     1 |       ||     1
Armor: Ring mail         |    29 |    28 ||    57
Dodge: Dodged            |    55 |    36 ||    91
